 Dungeon Crawl Stone Soup version 0.31-a0-187-gba352fbbf7 (webtiles) character file.

Game seed: 6001264134975546724

47 qw the Shooter (level 3, 0/20 HPs)
             Began as a Deep Elf Hunter on June 22, 2023.
             Slain by a goblin
             ... wielding a +0 dagger
             ... led by Robin
              (1 damage)
             ... on level 2 of the Dungeon.
             The game lasted 00:00:28 (1031 turns).

qw the Shooter (Deep Elf Hunter)                    Turns: 1031, Time: 00:00:28

Health: 0/20       AC:  7    Str: 10    XL:     3   Next: 48%
Magic:  5/5        EV: 11    Int: 13    God:
Gold:   147        SH:  0    Dex: 18    Spells: 2/2 levels left

rFire   + . .        Y - +1 shortbow
rCold   . . .        (shield currently unavailable)
rNeg    . . .        k - +2 ring mail {rF+}
rPois   .            (no helmet)
rElec   .            (no cloak)
rCorr   .            (no gloves)
SInv    .            (no boots)
Will    .....        (no amulet)
Stlth   +            (no ring)
HPRegen 0.23/turn    (no ring)
MPRegen 0.09/turn

%: no passive effects
@: lethally poisoned (0 -> -11)
A: no striking features
a: no special abilities


You were on level 2 of the Dungeon.
You visited 1 branch of the dungeon, and saw 2 of its levels.

You collected 147 gold pieces.


   Skills:
 - Level 1.5 Fighting
 + Level 7.0 Ranged Weapons
 - Level 2.4 Dodging
 - Level 1.2 Stealth


You had 2 spell levels left.
You didn't know any spells.
Your spell library was empty.

Inventory:

Hand Weapons
 Y - a +1 shortbow (weapon)
Armour
 k - a +2 ring mail of fire resistance (worn)
Scrolls
 a - a scroll of teleportation {unknown}
Potions
 d - a potion of enlightenment {unknown}
 e - 4 potions of curing
 g - a potion of brilliance {unknown}
 h - a potion of degeneration {unknown}

Dungeon Overview and Level Annotations

Branches:
Dungeon (2/15)

Altars:

Annotations:
D:2 Robin


Message History

The goblin shoots a sling bullet.
The sling bullet hits you but does no damage.
You hear a shout! x2
You shoot an arrow. The arrow closely misses the adder.
The goblin shoots a sling bullet.
The sling bullet barely misses you.
You shoot an arrow. The arrow barely misses the adder.
You hear a shout!
The adder bites you but does no damage.
The goblin shoots a sling bullet.
The sling bullet barely misses you. The adder bites you.
A goblin comes into view. It is wielding a +2 dagger of venom.
A goblin comes into view. It is wielding a +0 club.
You shoot an arrow. The arrow barely misses the adder.
The goblin shouts!
The adder misses you.
Robin of the Strong Arm comes into view.
They are wielding a +0 mace.
The adder completely misses you.
You shoot an arrow. The arrow closely misses the adder.
You hear a shout!
A goblin comes into view. It is wielding a +0 hand axe.
The goblin hits you but does no damage.
You are poisoned.
The adder bites you.
The goblin shoots a sling bullet.
The sling bullet closely misses you.
You shoot an arrow. The arrow hits the adder.
The adder is moderately wounded.
You feel very sick. The adder bites you.
You are lethally poisoned!
The adder poisons you! The goblin hits you but does no damage.
Robin throws the goblin at you!
A goblin comes into view. It is wielding a +0 dagger.
The goblin shoots a sling bullet.
The sling bullet closely misses you.
The sling bullet hits the goblin.
The adder bites you but does no damage.
You shoot an arrow. The arrow closely misses the goblin.
You feel very sick. The goblin hits you but does no damage.
The goblin misses you.
A goblin comes into view. It is wielding a +0 club.
The goblin shoots a sling bullet.
The sling bullet hits you. The adder closely misses you.
The goblin hits you with a +0 dagger.
You die...

... ##...<..## ...
###......# #..>
#....##..#
#.#.#.#### ..##
#......# ...# #
###..#.####.#.##..
#.......#.......
#..###..g....##..
....# ###S@.......
#..# ##.gg#....
...# ###g...#. .#.
gg.## ...# g....
.#.. #...


You could see Robin, an adder and 6 goblins.

Vanquished Creatures
  A dart slug (D:1)
  3 ball pythons (D:1)
  2 endoplasms (D:1)
  3 giant cockroaches
  3 goblins
  7 hobgoblins
  4 jackals (D:1)
  A quokka (D:1)
  5 bats
  3 frilled lizards (D:1)
  3 kobolds (D:1)
  5 rats (D:1)
40 creatures vanquished.

Notes
Turn   | Place    | Note
-------+----------+-------------------------------------------
     0 | D:1      | qw the Deep Elf Hunter began the quest for the Orb.
     0 | D:1      | Reached XP level 1. HP: 12/12 MP: 3/3
     0 | D:1      | 0 ||| qw: Version: 0.3-a-9-g12657ce
     0 | D:1      | 0 ||| qw: Game counter: 2657
     0 | D:1      | 0 ||| qw: Always use a shield: true
     0 | D:1      | 0 ||| qw: God list: Okawaru
     0 | D:1      | 0 ||| qw: Allow faded altars: false
     0 | D:1      | 0 ||| qw: Do Orc after D:15 true
     0 | D:1      | 0 ||| qw: Do second Lair branch before Depths: true
     0 | D:1      | 0 ||| qw: Lair rune preference: random
     0 | D:1      | 0 ||| qw: Plans: Normal
     0 | D:1      | 0 ||| PLANNING D:1-11
   125 | D:1      | Reached skill level 6 in Ranged Weapons
   125 | D:1      | Reached XP level 2. HP: 16/16 MP: 4/4
   389 | D:1      | Reached XP level 3. HP: 20/20 MP: 5/5
   826 | D:1      | 826 ||| UPGRADING to +2 ring mail of fire resistance.
   836 | D:1      | 836 ||| DROPPING +0 leather armour.
   837 | D:1      | 837 ||| READING scroll labelled JOUHOOS TYTE.
   838 | D:1      | 838 ||| READING scroll labelled IRPHAI ZIFEAWOTS.
   839 | D:1      | 839 ||| READING scroll labelled HUAMNO JEN YMEK.
   840 | D:1      | 840 ||| DRINKING 5 bubbling clear potions.
   841 | D:1      | 841 ||| DROPPING scroll of butterflies.
   891 | D:2      | 891 ||| STAIRDANCE
   999 | D:2      | Reached skill level 7 in Ranged Weapons
  1028 | D:2      | Noticed Robin
  1031 | D:2      | HP: 5/20 [poisoned by an adder]
  1031 | D:2      | HP: 1/20 [goblin/sling bullet[Robin] (4)]
  1031 | D:2      | Slain by a goblin

Levels and vault maps discovered:
D:1:      kilobyte_arrival_exit_the_forest, layout_loops_ring, minmay_domino_4
D:2:      layout_rooms, uniq_natasha, uniq_robin

Skill      XL: |  1  2  3 |
---------------+----------+-----
Ranged Weapons | 6 7 |  7.0
Fighting       | |  1.5
Dodging        | |  2.4
Stealth        | |  1.2

Action                     || total
---------------------------++-------
   Fire: Shortbow          ||   121
    Use: Scroll            ||     3
         Potion            ||     1
 Armour: Leather armour    ||    11
         Ring mail         ||     9
  Dodge: Dodged            ||    52

Table legend:
 A = Non-vault XP
 B = Vault XP
 C = Vault XP percentage of total XP
 D = Non-vault monster count
 E = Vault monster count
 F = Vault count percentage of total count
                 A         B        C        D         E       F
            +---------+---------+-------+---------+---------+-------
      Total |      60 |       8 |  11.8 |      36 |       4 |  10.0
            +---------+---------+-------+---------+---------+-------
        D:1 |      51 |       6 |  10.5 |      31 |       3 |   8.8
        D:2 |       9 |       2 |  18.2 |       5 |       1 |  16.7
            +---------+---------+-------+---------+---------+-------
